AoeStats
← Thewanderero

QS Arena

503276987Analyzed
4v4 RM · 1mo ago on Aug 30, 2026· 38m 18s· 8 players
Game mode
Random Map
Map size
Large (8 player)
Population
200
Speed
Normal
Resources
Standard
Victory
Conquest
Starting age
Dark Age
Ending age
Imperial Age
RankedLock teamsTeams togetherTeam positionsShared explorationLock speedFull tech treeHidden civsTurbo modeCheats
Victory
Defeat
🇩🇪 Vikings · Germany
1067
+15
🇬🇧 Romans · United Kingdom
1047
+15
🇷🇺 Portuguese · Russia
1015
+17
🇺🇸 Franks · United States
1005
+17
🇧🇾 Bulgarians · Belarus
1058
-17
🇧🇷 Hindustanis · Brazil
1043
-16
🇦🇷 Koreans · Argentina
1027
-16
🇨🇴 Italians · Colombia
1019
-15
Led
4:54 Loom
5:02 Loom
8:45 Feudal Age
13:01 Castle Age
10:47 Double-Bit Axe
14:21 Bow Saw
13:56 Horse Collar
19:09 Heavy Plow
20:51 Wheelbarrow
22:36 Hand Cart
23:06 Hand Cart
22:42 Gold Mining
22:43 Stone Mining
24:03 Forging
23:59 Scale Barding Armor
25:40 Gold Shaft Mining
25:41 Stone Shaft Mining
25:11 Caravan
25:50 Bloodlines
25:40 Husbandry
27:20 Chain Barding Armor
27:38 Iron Casting
26:56 Town Watch
30:42 Imperial Age
28:58 Ballistics
30:32 Scale Mail Armor
30:50 Fortified Wall
30:50 Heavy Camel Rider
32:36 Blast Furnace
31:52 Chain Mail Armor
32:13 Plate Barding Armor
32:22 Light Cavalry
32:40 Imperial Camel Rider
34:26 Chemistry
GL.Great_Inquisitor
7:43 Feudal Age
11:47 Castle Age
9:55 Double-Bit Axe
11:42 Wheelbarrow
11:20 Horse Collar
12:50 Bow Saw
14:21 Fervor
22:21 Heavy Plow
24:05 Hand Cart
23:48 Gold Mining
28:01 Imperial Age
25:24 Fletching
26:18 Padded Archer Armor
26:17 Bodkin Arrow
26:43 Stone Mining
27:19 Loom
29:47 Chemistry
29:09 Ballistics
29:38 Conscription
29:32 Bracer
29:52 Leather Archer Armor
32:05 Ring Archer Armor
32:28 Thumb Ring
32:13 Treadmill Crane
32:45 Fortified Wall
32:46 Masonry
34:14 Two-Man Saw
34:34 Pirotechnia
IIWALLACEII
1:30 Loom
8:06 Feudal Age
14:29 Castle Age
12:45 Double-Bit Axe
13:26 Gold Mining
14:06 Fletching
15:47 Horse Collar
25:42 Wheelbarrow
26:44 Hand Cart
26:54 Town Watch
28:39 Stone Mining
28:54 Heavy Plow
29:43 Husbandry
30:33 Ballistics
34:35 Imperial Age
32:31 Caravan
33:42 Bodkin Arrow
34:13 Bow Saw
Thewanderero
9:23 Feudal Age
14:02 Castle Age
12:16 Horse Collar
13:27 Double-Bit Axe
15:21 Bow Saw
15:20 Loom
19:52 Wheelbarrow
19:56 Heavy Plow
22:39 Caravan
23:12 Town Watch
24:29 Hand Cart
26:14 Husbandry
26:24 Bloodlines
27:08 Stirrups
31:33 Imperial Age
29:15 Stone Mining
29:15 Gold Mining
30:00 Scale Barding Armor
30:05 Forging
31:13 Chain Barding Armor
31:28 Iron Casting
32:53 Plate Barding Armor
33:18 Blast Furnace
33:30 Masonry
33:26 Siege Engineers
34:22 Chemistry
33:54 Cavalier
36:16 Elite Konnik
37:17 Conscription
37:10 Scale Mail Armor
Elispar
8:16 Feudal Age
12:35 Castle Age
10:34 Double-Bit Axe
14:33 Bow Saw
16:38 Loom
17:34 Wheelbarrow
16:47 Town Watch
17:28 Gold Mining
20:26 Hand Cart
27:03 Imperial Age
24:38 Town Patrol
24:43 Stone Mining
25:30 Gold Shaft Mining
26:48 Scale Barding Armor
26:54 Forging
28:15 Chain Barding Armor
29:39 Plate Barding Armor
29:40 Iron Casting
29:08 Husbandry
28:32 Cavalier
30:26 Paladin
34:39 Blast Furnace
SchlosserJoe
2:40 Loom
8:05 Feudal Age
12:36 Castle Age
11:54 Double-Bit Axe
11:58 Horse Collar
20:59 Town Watch
26:14 Imperial Age
23:47 Gold Mining
23:48 Stone Mining
24:10 Bow Saw
24:03 Heavy Plow
24:23 Squires
24:36 Scale Mail Armor
25:32 Pikeman
26:31 Chain Mail Armor
26:26 Forging
27:37 Conscription
27:12 Elite Berserk
29:43 Plate Mail Armor
30:20 Chieftains
31:34 Iron Casting
32:15 Town Patrol
31:42 Crossbowman
32:19 Fletching
32:31 Padded Archer Armor
33:33 Blast Furnace
32:24 Fletching
32:34 Padded Archer Armor
33:20 Ballistics
32:58 Arbalester
34:22 Bodkin Arrow
34:30 Padded Archer Armor
35:22 Bracer
35:34 Elite Skirmisher
KOMMEPCAHT
9:47 Feudal Age
11:01 Double-Bit Axe
13:41 Castle Age
11:55 Horse Collar
13:34 Wheelbarrow
15:37 Hand Cart
21:19 Gold Mining
21:19 Stone Mining
21:25 Stone Mining
22:57 Loom
24:21 Stone Shaft Mining
25:49 Fortified Wall
25:59 Ballistics
28:51 Imperial Age
27:30 Masonry
27:00 Treadmill Crane
27:16 Murder Holes
27:18 Fletching
27:28 Padded Archer Armor
27:55 Bow Saw
27:59 Heavy Plow
28:28 Bodkin Arrow
29:12 Arson
29:12 Gambesons
28:48 Pikeman
30:37 Chemistry
29:43 Siege Engineers
30:07 Conscription
30:32 Arquebus
31:17 Architecture
31:40 Bracer
31:42 Scale Mail Armor
33:33 Thumb Ring
32:48 Elite Skirmisher
33:47 Leather Archer Armor
33:42 Forging
33:47 Chain Mail Armor
34:41 Bombard Tower
35:32 Two-Man Saw
35:04 Crop Rotation
37:02 Plate Mail Armor
36:59 Halberdier
Horahlooks
8:55 Feudal Age
12:56 Castle Age
10:46 Double-Bit Axe
10:43 Horse Collar
12:05 Gold Mining
13:28 Fletching
13:51 Bow Saw
16:00 Loom
18:58 Wheelbarrow
18:08 Town Watch
21:57 Fortified Wall
21:59 Masonry
22:06 Scale Barding Armor
23:39 Stone Mining
25:10 Bloodlines
25:12 Forging
25:22 Chain Barding Armor
29:38 Imperial Age
27:12 Heavy Plow
28:17 Hand Cart
28:32 Gold Mining
29:47 Pikeman
30:28 Squires
30:30 Scale Mail Armor
31:05 Iron Casting
29:59 Onager
30:30 Halberdier
33:14 Chain Mail Armor
33:34 Iron Casting
33:40 Conscription
33:29 Man-at-Arms
34:58 Siege Engineers
35:54 Chemistry
35:15 Ballistics
35:33 Long Swordsman
37:41 Gold Shaft Mining
36:49 Legionary
39:19 Crop Rotation
39:16 Comitatenses
Connection lost

Rejoining the realm…

Still unreachable

The connection could not be restored.

Session expired

The server has moved on; the page needs a fresh start.